 Dungeon Crawl Stone Soup version 0.23.0-41-g86b089e62c (webtiles) character file.

Game seed: 12799220805608372993

5658 Peloso the Carver (level 10, -1/90 HPs)
             Began as a Minotaur Fighter on Feb 28, 2019.
             Was a High Priest of Okawaru.
             Slain by a death yak (14 damage)
             ... on level 8 of the Dungeon.
             The game lasted 00:14:11 (6651 turns).

Peloso the Carver (Minotaur Fighter)                Turns: 6651, Time: 00:14:12

Health: -1/90      AC: 17    Str: 27    XL:     10   Next: 46%
Magic:  8/9        EV:  7    Int:  5    God:    Okawaru [*****.]
Gold:   374        SH: 12    Dex: 12    Spells: 9/9 levels left

rFire    x . .     SeeInvis .   a - +2 scimitar (freeze)
rCold    + . .     Gourm    .   c - +0 shield
rNeg     . . .     Faith    .   k - +1 plate armour
rPois    .         Spirit   .   (helmet restricted)
rElec    .         Reflect  .   t - +1 cloak
rCorr    .         Harm     .   (no gloves)
MR       .....                  (no boots)
Stlth    ..........             (no amulet)
HPRegen  0.25/turn              u - ring of wizardry
MPRegen  0.11/turn              w - ring of ice

@: mighty
A: retaliatory headbutt, horns 2
a: Heroism, Finesse, Renounce Religion


You were on level 8 of the Dungeon.
You worshipped Okawaru.
Okawaru was extremely pleased with you.
You were not hungry.

You visited 1 branch of the dungeon, and saw 8 of its levels.
You also visited: Sewer.

You collected 374 gold pieces.

Inventory:

Hand Weapons
 a - a +2 scimitar of freezing (weapon)
Armour
 b - a +0 scale mail
 c - a +0 shield (worn)
 k - a +1 plate armour (worn)
 l - a +0 cloak
 t - a +1 cloak (worn)
Jewellery
 p - an uncursed amulet of harm
 u - a ring of wizardry (left hand)
 w - a ring of ice (right hand)
Wands
 v - a wand of flame (21)
 x - a wand of digging (9)
Scrolls
 g - 3 scrolls of remove curse
 h - a scroll of enchant armour
 i - a scroll of fog
 j - 9 scrolls of identify
 s - 2 scrolls of teleportation
Potions
 d - a potion of might
 e - 4 potions of mutation {unknown}
 m - 3 potions of flight
 n - 2 potions of brilliance {unknown}
 o - 4 potions of invisibility {unknown}
 q - a potion of cancellation {unknown}
 r - 6 potions of curing {unknown}
 z - 3 potions of heal wounds {unknown}
Comestibles
 f - 11 rations


   Skills:
 + Level 8.5 Fighting
 + Level 11.9 Long Blades
 + Level 9.1 Armour
 + Level 1.4 Dodging
 + Level 0.4 Stealth
 + Level 9.7 Shields
 + Level 0.2 Invocations


You had 9 spell levels left.
You didn't know any spells.
Your spell library contained the following spells:

 Spells                   Type           Power        Failure   Level  Hunger
 Confusing Touch          Hex            #.....       98%         1    ##.....
 Freeze                   Ice            #...         98%         1    ##.....
 Throw Frost              Conj/Ice       #.....       99%         2    ###....
 Confuse                  Hex            #.......     100%        3    ####...
 Gell's Gravitas          Tloc           #.........   100%        3    ####...
 Ozocubu's Armour         Chrm/Ice       #.......     100%        3    ####...
 Petrify                  Tmut/Erth      #.......     100%        4    #####..
 Summon Ice Beast         Ice/Summ       #.......     100%        4    #####..
 Throw Icicle             Conj/Ice       #.......     100%        4    #####..
 Metabolic Englaciation   Hex/Ice        #.........   100%        5    ######.
 Yara's Violent Unravell  Hex/Tmut       #.........   100%        5    ######.


Dungeon Overview and Level Annotations

Branches:
Dungeon (8/15)             Temple (0/1) D:7
   Lair: D:8-11

Altars:
Dithmenos
Fedhas
Okawaru
Qazlal
Xom

Shops:
D:8 %%}

Annotations:
D:2 exclusion: oklob plant


Innate Abilities, Weirdness & Mutations

You reflexively headbutt those who attack you in melee.
You have a pair of horns on your head.


Message History

* * * LOW HITPOINT WARNING * * *
You barely miss the death yak. You headbutt the death yak!
The death yak is heavily wounded.
The death yak gores you but does no damage.
You slice the death yak!! You freeze the death yak. You headbutt the death yak!
The death yak is almost dead.
The death yak gores you.
* * * LOW HITPOINT WARNING * * *
You feel mightier all of a sudden.
The death yak gores you but does no damage.
You slash the death yak! You freeze the death yak.
You kill the death yak!
Okawaru is honoured by your kill. Something appears at your feet!
Okawaru grants you armour!
Your Armour skill increases to level 9!
You slash the death yak! You freeze the death yak.
The death yak is moderately wounded.
The death yak gores you!
You die...

....#......
.#######.#)......
....[......####
.#..........##
#...†........#
#..Y.?####.§§# #..YYh#
#§.§§§ .....Z#Y###§...§§
..#####@##§.§.. § ......
......>...§§....
......###.####..^......_§
......##..###..#...§§§§§§
..(......##...##.##.§§§§§
.................###§§§§.
...........###....# #§§
..>...............####..
...................(.....


You could see 4 death yaks and a black bear.

Vanquished Creatures
  Harold (D:7)
  3 death yaks (D:8)
  Pikel (D:5)
  Grinder (D:5)
  A wyvern (D:7)
  A water moccasin (D:7)
  2 phantoms
  3 ogres
  2 centaurs
  Blork the orc (D:5)
  A big kobold (Sewer)
  A bullfrog (D:6)
  3 killer bees (D:8)
  3 howler monkeys (D:8)
  6 crimson imps
  A centaur zombie (D:7)
  3 jellies
  4 hounds
  An orc priest (D:5)
  Crazy Yiuf (D:5)
  4 orc wizards
  2 iguanas
  2 centaur skeletons
  3 worker ants
  2 hound skeletons
  A hound zombie (D:7)
  8 gnolls
  7 adders
  3 river rats
  2 shadow imps
  An ooze (D:2)
  An adder zombie (D:4)
  An adder skeleton (D:6)
  4 worms
  7 dart slugs
  11 orcs
  8 giant cockroaches
  10 goblins
  6 hobgoblins
  5 jackals
  2 quokkas
  A ball python (D:1)
  7 bats
  4 frilled lizards
  13 kobolds
  2 leopard gecko zombies
  A quokka zombie (D:8)
  16 rats
  A fungus (D:2)
175 creatures vanquished.

Vanquished Creatures (others)
  An ogre (D:5)
  A bullfrog (D:5)
2 creatures vanquished.

Grand Total: 177 creatures vanquished

Notes
Turn   | Place    | Note
-------+----------+-------------------------------------------
     0 | D:1      | Peloso the Minotaur Fighter began the quest for the Orb.
     0 | D:1      | Reached XP level 1. HP: 19/19 MP: 0/0
   106 | D:1      | Reached XP level 2. HP: 22/27 MP: 1/1
   605 | D:2      | Reached XP level 3. HP: 26/33 MP: 2/2
   839 | D:2      | Reached skill level 3 in Long Blades
  1166 | D:2      | Found a blossoming altar of Fedhas.
  1179 | D:2      | Noticed an oklob plant
  1581 | D:3      | Reached XP level 4. HP: 41/41 MP: 3/3
  1788 | D:2      | Reached skill level 4 in Long Blades
  1803 | D:3      | Reached XP level 5. HP: 42/47 MP: 4/4
  1850 | D:3      | Reached skill level 1 in Dodging
  2182 | D:3      | Found an iron altar of Okawaru.
  2198 | D:3      | Became a worshipper of Warmaster Okawaru
  2242 | D:3      | Reached skill level 5 in Shields
  2249 | D:3      | Reached skill level 5 in Long Blades
  2624 | D:4      | Reached XP level 6. HP: 44/55 MP: 5/5
  2758 | D:4      | Found a shimmering altar of Xom.
  2940 | D:4      | Reached skill level 5 in Armour
  3379 | D:4      | Reached skill level 5 in Fighting
  3379 | D:4      | Reached skill level 6 in Long Blades
  3379 | D:4      | Reached XP level 7. HP: 61/61 MP: 6/6
  3689 | D:5      | Entered Level 5 of the Dungeon
  3719 | D:5      | Reached * piety under Okawaru
  3738 | D:5      | Found a runed translucent door.
  3739 | D:5      | Noticed Crazy Yiuf
  3754 | D:5      | Killed Crazy Yiuf
  3767 | D:5      | Found a shimmering altar of Xom.
  3767 | D:5      | Found a stormy altar of Qazlal.
  3811 | D:5      | Found a glowing drain.
  3825 | Sewer    | Entered a sewer
  4155 | Sewer    | Found a white marble altar of Elyvilon.
  4205 | D:5      | Noticed Pikel
  4237 | D:5      | Killed Pikel
  4237 | D:5      | Reached ** piety under Okawaru
  4237 | D:5      | Reached skill level 7 in Long Blades
  4237 | D:5      | Reached XP level 8. HP: 43/70 MP: 7/7
  4400 | D:5      | Reached skill level 8 in Long Blades
  4446 | D:5      | Noticed Blork the orc
  4455 | D:5      | Killed Blork the orc
  4573 | D:5      | Noticed Grinder
  4580 | D:5      | Killed Grinder
  4580 | D:5      | Reached *** piety under Okawaru
  5146 | D:6      | Reached XP level 9. HP: 66/78 MP: 8/8
  5149 | D:6      | Reached skill level 9 in Long Blades
  5668 | D:7      | Found a staircase to the Ecumenical Temple.
  6236 | D:7      | Noticed Harold
  6247 | D:7      | Killed Harold
  6247 | D:7      | Reached **** piety under Okawaru
  6247 | D:7      | Reached skill level 10 in Long Blades
  6481 | D:8      | Found Wyblueloy's Food Shop.
  6545 | D:8      | Found Xeucock's Food Shop.
  6587 | D:8      | Found a shadowy altar of Dithmenos.
  6598 | D:8      | Reached ***** piety under Okawaru
  6605 | D:8      | Reached skill level 11 in Long Blades
  6618 | D:8      | Found Reothy's Gadget Shop.
  6618 | D:8      | Noticed a death yak
  6622 | D:8      | Noticed a death yak
  6626 | D:8      | Noticed a death yak
  6631 | D:8      | Killed a death yak
  6631 | D:8      | Reached XP level 10. HP: 33/88 MP: 6/9
  6631 | D:8      | Noticed a death yak
  6634 | D:8      | Noticed a death yak
  6635 | D:8      | Killed a death yak
  6636 | D:8      | Noticed a death yak
  6639 | D:8      | Noticed a death yak
  6650 | D:8      | Killed a death yak
  6650 | D:8      | Received a gift from Okawaru
  6651 | D:8      | Slain by a death yak

Skill      XL: |  1  2  3  4  5  6  7  8  9 10 |
---------------+-------------------------------+-----
Shields        | 4 5 7 8 9 |  9.7
Fighting       | 4 5 6 8 |  8.5
Armour         | 4 5 6 8 9 |  9.1
Long Blades    | 3 4 5 6 7 8 11 | 11.9
Dodging        | 1 |  1.4
Stealth        | |  0.4
Invocations    | |  0.2

Action                   |  1- 3 |  4- 6 |  7- 9 | 10-12 || total
-------------------------+-------+-------+-------+-------++-------
Melee: Long sword        |   123 |   177 |   136 |       ||   436
       Headbutt          |    20 |    29 |    56 |     7 ||   112
       Scimitar          |       |       |   139 |    13 ||   152
Invok: Heroism           |       |       |     1 |       ||     1
  Use: Scroll            |       |       |    10 |       ||    10
       Potion            |       |       |     1 |     1 ||     2
  Eat: Chunk             |     1 |     7 |     4 |       ||    12
       Ration            |       |       |     2 |       ||     2
Armor: Scale mail        |    21 |       |       |       ||    21
       Plate armour      |    71 |   108 |   130 |     4 ||   313
Dodge: Dodged            |    30 |    31 |    48 |     3 ||   112
Block: Shield            |    58 |    82 |   171 |     9 ||   320
       Rpst.: Long sword |     8 |     5 |     8 |       ||    21
       Scimitar          |       |       |     7 |       ||     7
